 Dungeon Crawl Stone Soup version 0.21-a0-178-g0b87683 (console) character file.

476 utis the Conjurer (level 7, 46/46 HPs)
             Began as a Human Air Elementalist on Aug 9, 2017.
             Quit the game on level 4 of the Dungeon.
             The game lasted 00:18:09 (5603 turns).

utis the Conjurer (Human Air Elementalist)          Turns: 5603, Time: 00:18:09

Health: 46/46      AC:  6    Str:  8    XL:     7   Next: 32%
Magic:  11/11      EV: 10    Int: 17    God:
Gold:   95         SH:  0    Dex: 14    Spells: 2/12 levels left

rFire    . . .     SeeInvis .   e - +3 trident
rCold    . . .     Gourm    .   (no shield)
rNeg     . . .     Faith    .   o - +0 ring mail
rPois    .         Spirit   .   (no helmet)
rElec    .         Reflect  .   (no cloak)
rCorr    .         Harm     .   x - +0 pair of gloves
MR       .....                  (no boots)
Stlth    +.........             (no amulet)
HPRegen  0.15/turn              (no ring)
MPRegen  0.12/turn              (no ring)

@: no status effects
A: no striking features
a: no special abilities


You were on level 4 of the Dungeon.
You were hungry.

You visited 1 branch of the dungeon, and saw 4 of its levels.

You collected 95 gold pieces.

Inventory:

Hand Weapons
 e - a +3 trident (weapon)
 j - a +0 whip
 q - a +0 flail
 s - a +0 halberd
 y - a +0 dagger
 z - a +1 short sword of venom
Missiles
 d - 24 stones (quivered)
 h - 69 arrows
 k - 20 sling bullets
 m - 48 poisoned needles
 A - 2 tomahawks
Armour
 a - a +0 robe
 o - a +0 ring mail (worn)
 t - a +1 robe
 x - a +0 pair of gloves (worn)
Jewellery
 f - an uncursed amulet of harm {unknown}
 n - a +6 ring of intelligence {unknown}
Scrolls
 i - a scroll of teleportation {@r4}
 r - a scroll of magic mapping {unknown}
 B - a scroll of remove curse {unknown}
Potions
 l - a potion of cancellation
 p - a potion of lignification
 u - a potion of might
 v - a potion of resistance
 w - a potion of flight {unknown}
 D - a potion of invisibility {unknown}
Books
 b - a book of Air

   Spells                             Type                      Level
   a - Shock                          Conjuration/Air              1
   b - Swiftness                      Charms/Air                   2
   c - Static Discharge               Conjuration/Air              3
   d - Airstrike                      Air                          4
   e - Lightning Bolt                 Conjuration/Air              5
Comestibles
 c - a bread ration {@e1}
 g - 2 meat rations {@e1}


   Skills:
 - Level 2.6 Dodging
 - Level 2.3 Stealth
 + Level 3.1 Spellcasting
 * Level 5.1 Conjurations
 * Level 4.7 Air Magic


You had 2 spell levels left.
You knew the following spells:

 Your Spells              Type           Power        Failure   Level  Hunger
a - Shock                 Conj/Air       ###.         7%          1    None
k - Airstrike             Air            ###.......   58%         4    ####...
t - Static Discharge      Conj/Air       ###.....     22%         3    ###....
W - Swiftness             Chrm/Air       ##......     30%         2    ##.....


Dungeon Overview and Level Annotations

Branches:
Dungeon (4/15)
 Temple: D:4-7

Altars:
Cheibriados
Elyvilon
Okawaru


Message History

The zap hits sergedm's ghost.
You destroy sergedm's ghost!
Your Conjurations skill increases to level 5!
You start resting.
HP restored.
You start resting.
Magic restored.
Found a leather armour.
You open the door.
Found a white marble altar of Elyvilon.
There is an open door here.
You open the door.
There is an open door here.
You open the door.
Found a flail.
There is an open door here.
k - 20 sling bullets An orc comes into view.
It is wielding a club.
An orc is nearby!
Are you sure you want to abandon this character and quit the game? (Confirm with "yes".)

░..o.. ░..... ░....░....░
░....░....░ ░....░....░....░
+....░....░....░ ░.
░....░....░..[.░ ░..
░..?.░...p░....░ ░..
░....░....░....░
░..░░....░....░....░ .....
░........░....░....░░░░░░░....
░........░....'....░.....░....
░........░....░...............
░........░..).░...░░░'░░░.....
+........░░░░░░...░ ░.░ ░.....
░..░░..W..░.......░░░.░░░.....


You could see an orc (sleeping).

Vanquished Creatures
  A hippogriff (D:3)
  The ghost of sergedm the Conjurer, an amateur DECj (D:4)
  An orc priest (D:3)
  Jessica (D:2)
  3 gnolls (D:2)
  6 adders
  2 oozes (D:3)
  4 worms
  2 dart slugs
  2 leopard geckos (D:1)
  9 orcs (D:3)
  4 giant cockroaches
  10 goblins
  5 hobgoblins
  2 jackals (D:2)
  A ball python (D:3)
  6 bats
  4 frilled lizards (D:2)
  7 kobolds
  6 rats
77 creatures vanquished.

Notes
Turn   | Place    | Note
-------+----------+-------------------------------------------
     0 | D:1      | utis the Human Air Elementalist began the quest for the Orb.
     0 | D:1      | Reached XP level 1. HP: 13/13 MP: 3/3
   477 | D:1      | Reached XP level 2. HP: 17/19 MP: 3/5
   503 | D:1      | Learned a level 2 spell: Swiftness
  1524 | D:2      | Reached XP level 3. HP: 24/24 MP: 4/6
  1925 | D:2      | facepalm
  1979 | D:2      | Noticed Jessica
  1998 | D:2      | Reached skill level 2 in Conjurations
  1998 | D:2      | Reached XP level 4. HP: 14/30 MP: 2/7
  2248 | D:2      | Reached skill level 3 in Conjurations
  2366 | D:2      | Killed Jessica
  2366 | D:2      | Reached XP level 5. HP: 35/35 MP: 3/8
  2449 | D:2      | Learned a level 3 spell: Static Discharge
  3143 | D:3      | Noticed a hippogriff
  3355 | D:3      | Found an iron altar of Okawaru.
  3438 | D:2      | Reached skill level 4 in Conjurations
  3632 | D:3      | Reached XP level 6. HP: 41/41 MP: 6/9
  4287 | D:2      | Learned a level 4 spell: Airstrike
  4362 | D:3      | Found a snail-covered altar of Cheibriados.
  4708 | D:3      | HP: 2/41 [hippogriff (6)]
  5066 | D:3      | Killed a hippogriff
  5066 | D:3      | Reached XP level 7. HP: 27/46 MP: 4/11
  5494 | D:4      | Noticed sergedm's ghost (amateur DECj)
  5526 | D:4      | Killed sergedm's ghost
  5526 | D:4      | Reached skill level 5 in Conjurations
  5582 | D:4      | Found a white marble altar of Elyvilon.
  5603 | D:4      | Quit the game

Vault maps used:
D:1:      dpeg_arrival_three_same_balls
D:2:      uniq_jessica
D:3:      kennysheep_slug_shrine, kennysheep_okawaru_gauntlet
D:4:      lemuel_doored_altar, first_bread, makhleb_blood_cavern_becter

Skill      XL: |  1  2  3  4  5  6  7 |
---------------+----------------------+-----
Conjurations   | 2 3 4 5 |  5.1
Spellcasting   | 3 |  3.1
Air Magic      | 4 |  4.7
Dodging        | |  2.6
Stealth        | |  2.3

Action                   |  1- 3 |  4- 6 |  7- 9 || total
-------------------------+-------+-------+-------++-------
Melee: Whip              |    11 |       |       ||    11
       Flail             |       |     1 |       ||     1
       Halberd           |       |    58 |       ||    58
       Short sword       |       |    29 |     3 ||    32
       Trident           |       |       |     5 ||     5
Throw: Stone             |    13 |    29 |     4 ||    46
 Cast: Shock             |    36 |    51 |     7 ||    94
       Static Discharge  |       |     2 |       ||     2
  Use: Scroll            |     3 |     4 |       ||     7
       Potion            |       |       |     1 ||     1
 Stab: Sleeping          |     1 |       |       ||     1
  Eat: Chunk             |     4 |     6 |       ||    10
       Meat ration       |       |     1 |       ||     1
Armor: Robe              |    11 |    26 |       ||    37
       Ring mail         |       |     9 |     7 ||    16
Dodge: Dodged            |    23 |    73 |     6 ||   102
